 Dungeon Crawl Stone Soup version 0.28-a0-1396-gdcb3f3653b (webtiles) character file.

Game seed: 8700620243388836919

630 Glokmah the Chopper (level 7, -4/66 HPs)
             Began as a Tengu Berserker on Jan 5, 2022.
             Was a Believer of Trog.
             Shot with a bolt by an orc (13 damage)
             ... in a bailey.
             The game lasted 00:05:22 (3328 turns).

Glokmah the Chopper (Tengu Berserker)               Turns: 3328, Time: 00:05:23

Health: -4/66      AC: 14    Str: 19    XL:     7   Next: 48%
Magic:  8/8        EV:  8    Int:  8    God:    Trog [**....]
Gold:   157        SH:  0    Dex: 13    Spells: 6/6 levels left

rFire   . . .      SeeInvis .   a - +0 hand axe
rCold   . . .      Faith    .   (no shield)
rNeg    . . .      Spirit   .   h - +0 plate armour
rPois   .          Reflect  .   (helmet restricted)
rElec   .          Harm     .   (no cloak)
rCorr   .          Rampage  .   e - +1 pair of gloves
Will    ++...                   (boots unavailable)
Stlth   ..........              (no amulet)
HPRegen 1.21/turn               (no ring)
MPRegen 0.11/turn               (no ring)

@: berserking, strong-willed, flying quickly and evasively, regenerating, very
quick
A: beak, talons 3, nimble flight
a: Renounce Religion, Berserk, Trog's Hand


You were in a bailey.
You worshipped Trog.
Trog was pleased with you.
You visited 1 branch of the dungeon, and saw 5 of its levels.
You also visited: Bailey.

You collected 157 gold pieces.

Inventory:

Hand Weapons
 a - a +0 hand axe (weapon)
 g - a +1 short sword of venom
Missiles
 d - 19 poisoned darts (quivered)
 o - 2 javelins
Armour
 e - a +1 pair of gloves (worn)
 h - a +0 plate armour (worn)
Wands
 j - a wand of charming (8)
 m - a wand of flame (30)
Scrolls
 b - a scroll of identify
 k - a scroll of teleportation
Potions
 c - 6 potions of curing
 l - a potion of brilliance


   Skills:
 + Level 4.5 Fighting
 * Level 6.4 Axes
 + Level 4.3 Armour
 + Level 4.3 Dodging


You had 6 spell levels left.
You didn't know any spells.
Your spell library was empty.

Dungeon Overview and Level Annotations

Branches:
Dungeon (7/15)             Bailey (1/1)
 Temple: D:4-7

Altars:


Innate Abilities, Weirdness & Mutations

You have a beak for a mouth.
You have claws for feet.
Your magical nature lets you fly swiftly and evasively.


Message History

The orc shoots a bolt.
The bolt hits you.
An orc comes into view. It is wielding a +0 arbalest.
The orc shouts!
You hear a shout!
The orc jeers noisily, in orcish tradition.
An orc comes into view. It is wielding a +0 arbalest.
The orc shouts!
The orc moves out of view.
An orc comes into view. It is wielding a +0 arbalest.
Found a gate leading back out of this place.
The orc shoots a bolt.
The bolt closely misses you.
The orc shoots a bolt.
The bolt closely misses you.
The orc shoots a bolt.
The bolt completely misses you.
The orc shoots a bolt.
The bolt hits you but does no damage.
The orc shoots a bolt.
The bolt completely misses you.
The orc shoots a bolt.
The bolt barely misses you.
The orc shoots a bolt.
The bolt hits you but does no damage.
Found a gate leading back out of this place.
The orc warrior shoots a bolt.
The bolt barely misses you.
The orc shoots a bolt.
The bolt barely misses you.
The orc warrior shoots a bolt.
The bolt hits you!
The orc shoots a bolt.
The bolt closely misses you.
Your skin crawls.
You feel strong-willed.
The orc warrior shoots a bolt.
The bolt barely misses you.
The orc shoots a bolt.
The bolt hits you but does no damage.
The orc warrior shoots a bolt.
The bolt hits you!
* * * LOW HITPOINT WARNING * * *
The orc shoots a bolt.
The bolt completely misses you.
A red film seems to cover your vision as you go berserk!
You feel yourself moving faster!
You feel mighty!
The orc warrior shoots a bolt.
The bolt hits you but does no damage.
The orc shoots a bolt.
The bolt closely misses you.
The orc warrior shoots a bolt.
The bolt barely misses you.
The orc shoots a bolt.
The bolt hits you but does no damage.
The orc shoots a bolt.
The bolt barely misses you.
The orc shoots a bolt.
The bolt hits you.
* * * LOW HITPOINT WARNING * * *
You feel a strong urge to attack something.
The orc shoots a bolt.
The bolt hits you!
You die...

.... #.# .... .... ∩.#
≈.....
.............o....#≈.....#
.............≈##.##≈.....#
.............≈≈###≈≈.....#
..............≈≈≈≈≈......#
...........o.oo..........#
..........o.....@........#
..........o..............#
..........o.............∩#
##########################


You could see 2 orc warriors and 5 orcs.

Vanquished Creatures
  Sigmund (D:3)
  An ogre (D:3)
  A centaur zombie (D:4)
  2 centaur skeletons
  A bullfrog skeleton (D:3)
  Terence (D:2)
  Natasha (thrice) (D:2)
  A hound zombie (D:4)
  A howler monkey skeleton (D:4)
  5 adders
  An adder zombie (D:4)
  3 worms
  3 dart slugs
  2 orcs (D:3)
  8 bats
  4 endoplasms
  7 giant cockroaches
  10 goblins
  6 hobgoblins
  3 jackals (D:2)
  6 ball pythons
  4 frilled lizards
  7 kobolds
  7 rats
88 creatures vanquished.

Vanquished Creatures (collateral kills)
  An ufetubus (D:4)
1 creature vanquished.

Vanquished Creatures (others)
  2 withered plants (D:4)
2 creatures vanquished.

Grand Total: 91 creatures vanquished

Notes
Turn   | Place    | Note
-------+----------+-------------------------------------------
     0 | D:1      | Glokmah the Tengu Berserker began the quest for the Orb.
     0 | D:1      | Reached XP level 1. HP: 14/14 MP: 2/2
    69 | D:1      | Reached XP level 2. HP: 14/19 MP: 3/3
    80 | D:1      | Found a faded altar of an unknown god.
   450 | D:1      | Reached XP level 3. HP: 12/23 MP: 4/4
  1050 | D:2      | Reached ** piety under Trog
  1069 | D:2      | Reached skill level 4 in Axes
  1104 | D:2      | Noticed Terence
  1115 | D:2      | Killed Terence
  1116 | D:2      | Reached XP level 4. HP: 8/28 MP: 5/5
  1894 | D:2      | Noticed Natasha
  1901 | D:2      | Killed Natasha
  1902 | D:2      | Gained mutation: Your magical nature lets you fly swiftly
                  | and evasively. [Tengu growth]
  1902 | D:2      | Reached XP level 5. HP: 33/33 MP: 6/6
  2248 | D:2      | Noticed Natasha
  2256 | D:2      | Killed Natasha
  2281 | D:2      | Noticed Natasha
  2288 | D:2      | Killed Natasha
  2289 | D:2      | Reached skill level 5 in Axes
  2445 | D:3      | Reached XP level 6. HP: 38/38 MP: 7/7
  2579 | D:3      | Noticed Sigmund
  2590 | D:3      | Killed Sigmund
  2591 | D:3      | Reached skill level 6 in Axes
  2591 | D:3      | Reached XP level 7. HP: 6/44 MP: 8/8
  3237 | D:4      | You are sucked into a shaft and drop 3 floors!
  3237 | D:7      | Found a flagged portal.
  3253 | Bailey   | Entered a bailey
  3328 | Bailey   | Shot with a bolt by an orc

Illustrated notes

Levels and vault maps discovered:
D:1:      wander_arrival_peaceful_grave, layout_rooms,
          shapermc_ecumenical_altar_rom_forum, minmay_surrounded
D:2:      layout_loops_ring, minmay_diced_spiral, uniq_natasha, uniq_terence
D:3:      layout_rooms, chequers_serial_rivers_marsh, minmay_misc_feat_columns,
          uniq_sigmund
D:4:      layout_cave_pools, kennysheep_mini, mainiacjoe_overflow_paths,
          minmay_temple_entry_glass, serial_undead, serial_undead_e,
          serial_undead_e, serial_undead_d, serial_undead_b, serial_undead_f,
          serial_undead_e, serial_undead_e
D:7:      layout_rooms, enter_bailey_5, serial_shops,
          nicolae_shop_hallway_stairs, uniq_menkaure
Bailey:   bailey_polearm_2, bailey

Skill      XL: |  1  2  3  4  5  6 |
---------------+-------------------+-----
Axes           | 4 5 6 |  6.4
Armour         | 3 4 |  4.3
Dodging        | 3 4 |  4.3
Fighting       | 4 |  4.5

Action                   |  1- 3 |  4- 6 |  7- 9 || total
-------------------------+-------+-------+-------++-------
Melee: Hand axe          |    82 |    75 |    63 ||   220
       Kick              |    21 |    30 |    20 ||    71
       Peck              |     5 |    11 |     7 ||    23
Throw: Dart              |       |     7 |       ||     7
Invok: Berserk           |     1 |     3 |     1 ||     5
       Trog's Hand       |       |       |     1 ||     1
  Use: Potion            |     1 |       |       ||     1
       Scroll            |       |       |     6 ||     6
 Stab: Sleeping          |     1 |       |       ||     1
Armor: Animal skin       |    27 |       |       ||    27
       Skin              |     1 |       |       ||     1
       Plate armour      |    12 |    49 |    61 ||   122
Dodge: Dodged            |    42 |    21 |    55 ||   118

Table legend: (Time is in decaauts)
 A = Elapsed time spent in this place.
 B = Non-inter-level travel time spent in this place.
 C = Inter-level travel time spent in this place.
 D = Time resting spent in this place.
 E = Time spent auto-exploring this place.
 F = Levels seen in this place.
 G = Mean time per level.
                   A        B        C        D        E       F      G
               +--------+--------+--------+--------+--------+-----+--------+
         Total |   3299 |   3054 |    245 |    856 |   1444 |   6 |  549.8 |
       Dungeon |   3232 |   2987 |    245 |    856 |   1444 |   5 |  646.4 |
        Bailey |     67 |     67 |      0 |      0 |      0 |   1 |   67.0 |
               +--------+--------+--------+--------+--------+-----+--------+

Top non-repeatable levels by time:
     D:2: 1353 daAuts
     D:1: 981 daAuts
     D:3: 736 daAuts
     D:4: 145 daAuts
  Bailey: 67 daAuts
     D:7: 15 daAuts
